 Dungeon Crawl Stone Soup version 0.18.1-6-gd335043 (webtiles) character file.

77 oplop the Poker (level 4, -4/37 HPs)
             Began as a Merfolk Chaos Knight on May 16, 2016.
             Slain by a killer bee (5 damage)
             ... on level 3 of the Dungeon.
             The game lasted 00:04:01 (1811 turns).

oplop the Poker (Merfolk Chaos Knight)              Turns: 1811, Time: 00:04:02

Health: -4/37      AC:  5    Str: 14    XL:     4   Next: 34%
Magic:  4/4        EV: 13    Int: 11    God:    Xom [....*.]
Gold:   161        SH:  0    Dex: 14    Spells: 0 memorised, 3 levels left

rFire  . . .     SeeInvis .     o - +0 trident
rCold  + . .     Gourm    .     b - +2 leather armour
rNeg   . . .     Faith    .     (no shield)
rPois  +         Spirit   .     (no helmet)
rElec  .         Dismiss  +     (no cloak)
rCorr  .         Reflect  .     (no gloves)
SustAt .         Harm     .     (no boots)
MR     .....                    g - amulet of dismissal
Stlth  +.........               (no ring)
                                (no ring)

@: lethally poisoned (-4 -> -7), hasted, very quick, not resistant to hostile
enchantments, very unstealthy
A: change form in water, swift swim, cold resistance 1, poison resistance,
strong 1, wild magic 1
a: Renounce Religion


You were on level 3 of the Dungeon.
You worshipped Xom.
You were a beloved toy of Xom.
You were not hungry.

You visited 1 branch of the dungeon, and saw 3 of its levels.

You collected 161 gold pieces.

Inventory:

Hand Weapons
 a - a +0 spear of chaos
 o - a +0 trident (weapon)
Armour
 b - a +2 leather armour (worn)
Jewellery
 g - an amulet of dismissal (around neck)
Scrolls
 e - a scroll of fear {unknown}
 h - a scroll of fog {unknown}
 j - 4 scrolls of enchant weapon {unknown}
 k - 4 scrolls of identify {unknown}
 m - a scroll of immolation {unknown}
 p - a scroll of recharging {unknown}
 q - 2 scrolls of teleportation {unknown}
Potions
 f - a potion of haste
 i - a potion of cancellation {unknown}
 l - a potion of degeneration {unknown}
 n - a potion of mutation {unknown}
 r - a potion of brilliance {unknown}
Comestibles
 c - 4 bread rations
 d - 2 meat rations


   Skills:
 + Level 3.8 Fighting
 + Level 5.7 Polearms
 - Level 0.7 Armour
 + Level 4.2 Dodging


You had 3 spell levels left.
You didn't know any spells.

Dungeon Overview and Level Annotations

Branches:
Dungeon (3/15)

Altars:
Ashenzari
Qazlal


Innate Abilities, Weirdness & Mutations

You revert to your normal form in water.
You are very nimble and swift while swimming.
Your flesh is cold resistant.
Your system is resistant to poisons.
Your muscles are strong. (Str +2)
Your spells are a little harder to cast, but a little more powerful.


Message History

You are too injured to fight recklessly! "Hum-dee-hum-dee-hum..."
The worm evaporates and reforms as a killer bee!
The killer bee closely misses you. The killer bee stings you.
* * * LOW HITPOINT WARNING * * *
You are poisoned.
The killer bee poisons you!
You feel sick. The killer bee closely misses you.
The killer bee stings you but does no damage.
You feel sick. The killer bee stings you!
* * * LOW HITPOINT WARNING * * *
Drink which item? (? for menu, Esc to quit)
Okay, then.
Drink which item? (? for menu, Esc to quit)
It was a potion of haste.
You feel yourself speed up.
Xom thinks this is hilarious!
The killer bee stings you.
You die...
Xom chuckles heartily!

..## #..# ############ ##.#
#..........# ...#
#..........# #..##
#..........# ....##
#..........# .....#
###..........# .....###
##............#
.......######..#@.........#
.....#........##.y........#
####.####.##.###..........#
#......##.###..........#
#(..#####...##.....#####
#... ###.##.###.#### #.##.
#.##.# #....#### .. #.
#....# #.......# #.
######.#.## #...8...#


You could see a killer bee.

Vanquished Creatures
  2 adders (D:2)
  2 worms (D:3)
  2 dart slugs (D:1)
  A giant gecko (D:2)
  2 orcs (D:3)
  4 giant cockroaches
  6 hobgoblins
  7 kobolds
  A ball python (D:2)
  8 bats
  2 giant newts
  6 goblins
  3 rats
46 creatures vanquished.

Notes
Turn   | Place    | Note
--------------------------------------------------------------
     0 | D:1      | oplop the Merfolk Chaos Knight began the quest for the Orb.
     0 | D:1      | Reached XP level 1. HP: 18/18 MP: 1/1
   179 | D:1      | Reached XP level 2. HP: 22/24 MP: 2/2
   318 | D:1      | XOM: harmless Necr miscast
   361 | D:1      | XOM: smoke on damage
   904 | D:1      | Reached skill level 5 in Polearms
   904 | D:1      | Reached XP level 3. HP: 23/29 MP: 3/3
  1117 | D:2      | Found a stormy altar of Qazlal.
  1342 | D:2      | Reached XP level 4. HP: 29/37 MP: 4/4
  1610 | D:3      | Found a shattered altar of Ashenzari.
  1689 | D:3      | XOM: butterfly on damage
  1715 | D:3      | Found a faded altar to an unknown god.
  1735 | D:3      | XOM: give mutations
  1735 | D:3      | Gained mutation: Your muscles are strong. (Str +2) [Xom's grace]
  1735 | D:3      | Gained mutation: Your spells are a little harder to cast, but a little more powerful. [Xom's grace]
  1735 | D:3      | Gained mutation: Your system is resistant to poisons. [Xom's grace]
  1735 | D:3      | Gained mutation: Your flesh is cold resistant. [Xom's grace]
  1804 | D:3      | XOM: polymorph worm -> killer bee
  1810 | D:3      | HP: 1/37 [killer bee (7)]
  1811 | D:3      | Slain by a killer bee

Skill      XL: |  1  2  3  4 |
---------------+-------------+-----
Dodging        | 3 4 |  4.2
Polearms       | 5 |  5.7
Fighting       | |  3.8
Armour         | |  0.7

Action                   |  1- 3 |  4- 6 || total
-------------------------+-------+-------++-------
Melee: Spear             |   133 |     4 ||   137
       Trident           |       |    67 ||    67
  Use: Potion            |       |     1 ||     1
 Stab: Sleeping          |       |     1 ||     1
  Eat: Chunk             |     1 |       ||     1
       Pizza             |       |     1 ||     1
       Beef jerky        |       |     1 ||     1
Armor: Leather armour    |    72 |    11 ||    83
Dodge: Dodged            |    59 |    25 ||    84
